 Dungeon Crawl Stone Soup version 0.32-a0-17-gb74e046682 (webtiles) character file.

Game seed: 15533564667133176376

20 Curundu the Chopper (level 2, -2/39 HPs)
             Began as a Minotaur Berserker on Jan 15, 2024.
             Was a Follower of Trog.
             Succumbed to Sigmund's poison
             ... on level 2 of the Dungeon.
             The game lasted 00:03:25 (828 turns).

Curundu the Chopper (Minotaur Berserker)             Turns: 828, Time: 00:03:26

Health: -2/39      AC:  9    Str: 21    XL:     2   Next: 58%
Magic:  0/0        EV:  8    Int:  4    God:    Trog [*.....]
Gold:   74         SH:  0    Dex:  9    Spells: 1/1 levels left

rFire   . . .        e - +2 hand axe (antimagic)
rCold   . . .        (no shield)
rNeg    . . .        h - +0 chain mail
rPois   .            (helmet restricted)
rElec   .            (no cloak)
rCorr   .            (no gloves)
SInv    .            a - +0 pair of boots
Will    .....        (no amulet) Stlth
                     (no ring)
HPRegen 0.26/turn    (no ring)
MPRegen 0.07/turn

%: no passive effects
@: berserking, lethally poisoned (-2 -> -25), very quick
A: horns 2, retaliatory headbutt
a: Renounce Religion, Berserk


You were on level 2 of the Dungeon.
You worshipped Trog.
Trog was aware of your devotion.
You visited 1 branch of the dungeon, and saw 2 of its levels.

You collected 74 gold pieces.

Inventory:

Hand Weapons
 e - a +2 antimagic hand axe (weapon)
Missiles
 c - 6 poisoned darts (quivered)
Armour
 a - a +0 pair of boots (worn)
 h - a +0 chain mail (worn)
Scrolls
 d - a scroll of fear {unknown}
 f - 2 scrolls of identify
 g - a scroll of brand weapon


   Skills:
 - Level 3.6 Fighting
 + Level 4.8 Axes
 - Level 2.4 Armour
 - Level 2.1 Dodging


You had one spell level left.
You didn't know any spells.
Your spell library was empty.

Dungeon Overview and Level Annotations

Branches:
Dungeon (2/15)

Altars:


Innate Abilities, Weirdness & Mutations

You have a pair of horns on your head.
You reflexively headbutt those who attack you in melee.


Message History

a - a +0 pair of boots You start putting on your armour.
You continue putting on your +0 pair of boots. x4
You finish putting on your +0 pair of boots.
You drop a +0 animal skin.
f - 2 scrolls of identify (gained 1) Sigmund the Dreaded comes into view.
He is wielding a +2 scythe of venom.
Sigmund shouts!
Sigmund casts a spell at you. The puff of flame hits you!
Okay, then.
Sigmund barely misses you.
You barely miss Sigmund. You headbutt Sigmund, but do no damage.
Sigmund closely misses you.
You closely miss Sigmund. You closely miss Sigmund.
Sigmund hits you with a +2 scythe of venom!
You are poisoned.
You barely miss Sigmund. You headbutt Sigmund!
Sigmund is moderately wounded.
You feel very sick. Sigmund barely misses you.
A red film seems to cover your vision as you go berserk!
You feel yourself moving faster!
You feel mighty!
You feel very sick.
You barely miss Sigmund.
Sigmund is moderately wounded.
You feel sick.
Sigmund hits you with a +2 scythe of venom!
* * * LOW HITPOINT WARNING * * *
You are more poisoned.
You slash Sigmund!
Sigmund's magic leaks into the air.
Sigmund is heavily wounded.
* * * LOW HITPOINT WARNING * * *
You feel very sick.
You slash Sigmund!
You kill Sigmund!
Trog accepts your kill.
Trog appreciates your killing of a magic user.
You die...

#.. #.# .# ..#####.#####.##
#......)##.. ..
#.####..##.# .#
#.####..##.##.# ##
#.##..........# #...#
#.##.#..####[## #...#
#)##.......#.# #...#
#.@.....##.#.# .. #...#
#######.##.#.##
..###...##########.........
.....(...............#.#...
..............####.<......
.............## #...#.#...
..###...###### ##.##.# ..
#...# ... # . #...# ###
#.##


There were no monsters in sight!

Vanquished Creatures
  Sigmund (D:2)
  A dart slug (D:1)
  A ribbon worm (D:2)
  3 ball pythons (D:1)
  2 endoplasms
  A goblin (D:1)
  A hobgoblin (D:1)
  A kobold (D:1)
  A quokka (D:1)
  A bat (D:1)
  A frilled lizard (D:2)
  3 rats (D:1)
17 creatures vanquished.

Notes
Turn   | Place    | Note
-------+----------+-------------------------------------------
     0 | D:1      | Curundu the Minotaur Berserker began the quest for the Orb.
     0 | D:1      | Reached XP level 1. HP: 19/19 MP: 0/0
   155 | D:1      | Reached skill level 4 in Axes
   344 | D:1      | Reached XP level 2. HP: 19/26 MP: 0/1
   810 | D:2      | Noticed Sigmund
   827 | D:2      | HP: 1/39 [poisoned by Sigmund]
   828 | D:2      | Killed Sigmund
   828 | D:2      | Succumbed to Sigmund's poison

Illustrated notes

Levels and vault maps discovered:
D:1:      minmay_arrival_solitary_statue, layout_basic, serial_bayou_crossing
D:2:      layout_loops_cross, minmay_misc_feat_tiny, uniq_sigmund

Skill      XL: |  1 |
---------------+----+-----
Axes           | 4 |  4.8
Fighting       | |  3.6
Armour         | |  2.4
Dodging        | |  2.1

Action                     || total
---------------------------++-------
  Melee: Hand axe          ||    43
         Headbutt          ||     5
  Throw: Dart              ||     1
 Invoke: Berserk           ||     1
    Use: Scroll            ||     2
 Armour: Animal skin       ||    20
         Chain mail        ||     3
  Dodge: Dodged            ||    27

Table legend: (Time is in decaauts)
 A = Elapsed time spent in this place.
 B = Non-inter-level travel time spent in this place.
 C = Inter-level travel time spent in this place.
 D = Time resting spent in this place.
 E = Time spent auto-exploring this place.
 F = Levels seen in this place.
 G = Mean time per level.
                   A        B        C        D        E       F      G
               +--------+--------+--------+--------+--------+-----+--------+
         Total |    837 |    837 |      0 |      0 |    542 |   2 |  418.5 |
       Dungeon |    837 |    837 |      0 |      0 |    542 |   2 |  418.5 |
               +--------+--------+--------+--------+--------+-----+--------+

Top non-repeatable levels by time:
     D:1: 710 daAuts
     D:2: 126 daAuts
